[Event "Titled Tuesday Blitz May 25 2021"]
[White "Corrales Jimenez, Fidel"]
[Black "Villegas, Pierre"]
[WhiteFideId "3506690"]
[BlackFideId "654183"]
[WhiteElo "2555"]
[BlackElo "2411"]
[Result "1-0"]
[Round "04"]
[TimeControl "180+1"]
[Date "2021.05.25"]
[WhiteClock "0:00:19"]
[BlackClock "0:00:11"]

1. e4 c6 2. d4 d5 3. e5 Bf5 4. h4 h5 5. c4 e6 6. Nc3 Ne7 7. Bg5 Qb6 8. Qd2 Nd7 9. c5 Qc7 10. b4 f6 11. exf6 gxf6 12. Be3 e5 13. Nge2 Bg4 14. Ng3 f5 15. dxe5 Qxe5 16. Be2 Bg7 17. O-O Qxc3 18. f3 Qxd2 19. Bxd2 Bxa1 20. Rxa1 f4 21. Bxf4 Be6 22. Re1 Kf7 23. Bd1 Rae8 24. Ne2 Nf5 25. g3 Rhg8 26. Kf2 Nf6 27. Bg5 Nh7 28. Bc1 Bd7 29. Rg1 Nf6 30. Nf4 Re7 31. Bc2 Rge8 32. Bb2 d4 33. Bb3+ Kg7 34. g4 hxg4 35. fxg4 Nxh4 36. Bxd4 Rf8 37. g5 Re4 38. gxf6+ Kh7 39. Bc2 Bf5 40. Bxe4 Bxe4 41. Rg7+ Kh6 42. Ne6 Re8 43. Be3+ Kh5 44. Rg5+ Kh6 45. Rg4+ Kh5 46. Rxe4 1-0


[Site "https://www.chess.com"]

[Event "Titled Tuesday Blitz May 25 2021"]
[White "Costachi, Mihnea"]
[Black "Sorokin, Aleksey"]
[WhiteFideId "1217518"]
[BlackFideId "24176460"]
[WhiteElo "2479"]
[BlackElo "2476"]
[Result "1/2-1/2"]
[Round "04"]
[TimeControl "180+1"]
[Date "2021.05.25"]
[WhiteClock "0:00:07"]
[BlackClock "0:00:14"]

1. d4 Nf6 2. c4 g6 3. Nc3 d5 4. Nf3 Bg7 5. h4 c6 6. cxd5 cxd5 7. Bf4 Nc6 8. e3 Bf5 9. Qb3 Na5 10. Bb5+ Bd7 11. Qa4 Nc6 12. Ne5 a6 13. Nxc6 axb5 14. Nxd8 bxa4 15. Nxb7 Bc6 16. Nc5 Nd7 17. Nxd7 Kxd7 18. h5 Bf6 19. hxg6 hxg6 20. Kd2 g5 21. Bg3 Bg7 22. Rxh8 Rxh8 23. b4 axb3 24. axb3 Ra8 25. Rxa8 Bxa8 26. Na4 Bc6 27. Nc5+ Kc8 28. Kc3 Bb5 29. Nd3 e6 30. Bd6 Kd7 31. Bc5 Kc6 32. Nb4+ Kd7 33. Nd3 Kc6 34. Be7 g4 35. g3 Kd7 36. Bc5 Kc6 37. Ba3 Bxd3 38. Kxd3 f5 39. Be7 Kb5 40. Kc3 Bh6 41. Bd6 Bg7 42. Kd3 Bh6 43. Ke2 Bg7 44. f3 Bh6 45. fxg4 fxg4 46. Kd3 Bg5 47. e4 Bh6 48. exd5 exd5 49. Bf4 Bg7 50. Bd6 Bh6 51. Ke2 Bg5 52. Bf4 Bf6 53. Be5 Bg5 54. Kd3 Bh6 55. Bf6 Kb4 56. Kc2 Be3 57. Be7+ Kb5 58. Kd3 Bh6 59. Bd6 Bg5 60. Bf4 Bf6 61. Be5 Bg5 62. Bf4 Bf6 63. Bd6 Bg5 64. Ke2 Bh6 65. Bf4 Bg7 66. Be5 Bh6 67. Bf4 Bg7 68. Ke3 Kb4 69. Be5 Bh6+ 70. Bf4 Bg7 71. Be5 Bh6+ 72. Bf4 Bg7 1/2-1/2


[Site "https://www.chess.com"]

[Event "Titled Tuesday Blitz May 25 2021"]
[White "Cruz, Jonathan"]
[Black "Ognean, Mihnea-Ionut"]
[WhiteFideId "3802124"]
[BlackFideId "1232347"]
[WhiteElo "2381"]
[BlackElo "2012"]
[Result "0-1"]
[Round "04"]
[TimeControl "180+1"]
[Date "2021.05.25"]
[WhiteClock "0:00:08"]
[BlackClock "0:00:16"]

1. Nf3 c5 2. e3 Nc6 3. d4 d5 4. h3 Nf6 5. c4 e6 6. Nc3 a6 7. cxd5 exd5 8. Be2 Bd6 9. dxc5 Bxc5 10. O-O O-O 11. Nd4 Re8 12. Nxc6 bxc6 13. b3 Qd6 14. Bb2 Ba7 15. Bg4 Nxg4 16. hxg4 Bd7 17. Qf3 Re6 18. Ne2 Rg6 19. Qf4 Qxf4 20. Nxf4 Rxg4 21. Rac1 f6 22. Rfd1 Kf7 23. Bd4 Bxd4 24. Rxd4 g5 25. Ne2 Rxd4 26. Nxd4 Rc8 27. Rc5 h5 28. b4 Ke7 29. a3 h4 30. Ra5 Ra8 31. a4 Rb8 32. Rxa6 Rxb4 33. Nxc6+ Bxc6 34. Rxc6 Rxa4 35. Kh2 Ra2 36. f3 Re2 37. Rc3 Ke6 38. Kg1 Ke5 39. Kf1 Ra2 40. Kg1 f5 41. Kh2 g4 42. fxg4 fxg4 43. Rd3 h3 44. Kh1 Rxg2 45. e4 d4 46. Rxh3 Re2 47. Rh4 Rxe4 48. Kg2 d3 49. Rh8 d2 50. Re8+ Kd4 51. Rd8+ Ke3 52. Rxd2 Kxd2 53. Kg3 Ke3 0-1


[Site "https://www.chess.com"]

[Event "Titled Tuesday Blitz May 25 2021"]
[White "David, Alexandru-Vasile"]
[Black "Davtyan, David Arm."]
[WhiteFideId "1223453"]
[BlackFideId "13310046"]
[WhiteElo "2404"]
[BlackElo "2028"]
[Result "1-0"]
[Round "04"]
[TimeControl "180+1"]
[Date "2021.05.25"]
[WhiteClock "0:00:06"]
[BlackClock "0:00:01"]

1. d4 Nf6 2. c4 g6 3. Nc3 d5 4. cxd5 Nxd5 5. e4 Nxc3 6. bxc3 Bg7 7. Nf3 O-O 8. Be2 c5 9. O-O Nc6 10. d5 Ne5 11. Nxe5 Bxe5 12. Qd2 e6 13. f4 Bg7 14. d6 b6 15. Bc4 Qd7 16. Qd3 a6 17. a4 Bb7 18. Rb1 Qc6 19. Re1 Rfd8 20. Qc2 Rxd6 21. e5 Rdd8 22. Be3 Qc7 23. Qb2 Qc6 24. Bf1 Qxa4 25. Qxb6 Be4 26. Ra1 Qc6 27. Qxc5 Qxc5 28. Bxc5 Bd3 29. Bxd3 Rxd3 30. Bd4 Bf8 31. Re2 a5 32. Kf2 Rc8 33. g3 Bc5 34. Rxa5 Bxd4+ 35. cxd4 Rxd4 36. Kf3 Rc3+ 37. Kg4 Kg7 38. Ra7 Rc8 39. Rb2 Rf8 40. Rbb7 Rc4 41. Re7 h5+ 42. Kh4 Rc2 43. Rxe6 Rxh2+ 44. Kg5 Rh3 45. Rxg6+ Kh7 46. Rh6+ Kg7 47. Rxh5 Rxg3+ 48. Kf5 Rb3 49. Rg5+ Kh7 50. Ra2 Rh3 51. Kf6 Rh4 52. f5 Rh6+ 53. Ke7 Rb8 54. Ra7 Rb5 55. f6 Rg6 56. Rh5+ Rh6 57. Rxh6+ 1-0


[Site "https://www.chess.com"]

[Event "Titled Tuesday Blitz May 25 2021"]
[White "Diaz Camallonga, Carles"]
[Black "Odinaev, Timur"]
[WhiteFideId "22235256"]
[BlackFideId "4163770"]
[WhiteElo "2438"]
[BlackElo "2306"]
[Result "1-0"]
[Round "04"]
[TimeControl "180+1"]
[Date "2021.05.25"]
[WhiteClock "0:00:12"]
[BlackClock "0:00:06"]

1. e4 g6 2. d4 Bg7 3. Nf3 d6 4. Bc4 e6 5. O-O Ne7 6. Re1 a6 7. a4 b6 8. Nbd2 Nd7 9. Nf1 h6 10. Ng3 Bb7 11. h3 Kf8 12. Be3 d5 13. Bd3 Nf6 14. e5 Ne4 15. Bxe4 dxe4 16. Nd2 Nf5 17. Ndxe4 Nxg3 18. Nxg3 Qd5 19. f3 Rd8 20. Qe2 h5 21. Rad1 Qd7 22. b3 h4 23. Ne4 Bxe4 24. fxe4 Kg8 25. Bg5 Rc8 26. Rf1 Rh5 27. Bf6 Bxf6 28. Rxf6 Rd8 29. Rd3 Qe7 30. c3 c5 31. Rdf3 Rh7 32. Qxa6 cxd4 33. cxd4 Rxd4 34. Qxb6 Rb4 35. Qd6 Qa7+ 36. Kh2 Rb8 37. b4 Rc8 38. a5 Qb7 39. R6f4 Qb5 40. Qe7 Rf8 41. Rf6 Qxe5+ 42. Kh1 Qxe4 43. R6f4 Qe1+ 44. Rf1 Qe5 45. a6 Qb5 46. a7 Qa6 47. Rf6 Qc8 48. Rxg6+ fxg6 49. Rxf8+ Qxf8 50. Qxf8+ Kxf8 51. a8=Q+ Kg7 52. Qb7+ Kh6 53. Qxh7+ Kxh7 54. b5 e5 55. b6 e4 56. b7 e3 57. b8=Q e2 58. Qb1 1-0


[Site "https://www.chess.com"]

[Event "Titled Tuesday Blitz May 25 2021"]
[White "Djordjevic, Vuk"]
[Black "Eynullayev, Atilla"]
[WhiteFideId "902098"]
[BlackFideId "13413570"]
[WhiteElo "2463"]
[BlackElo "1997"]
[Result "1-0"]
[Round "04"]
[TimeControl "180+1"]
[Date "2021.05.25"]
[WhiteClock "0:00:17"]
[BlackClock "0:00:01"]

1. d4 Nf6 2. Bg5 e6 3. e4 h6 4. Bxf6 Qxf6 5. c3 d6 6. Bd3 a6 7. Ne2 e5 8. O-O g5 9. Ng3 Nc6 10. d5 Ne7 11. Nh5 Qg6 12. Nd2 g4 13. Ng3 h5 14. Qc2 Bh6 15. Rad1 Kf8 16. Nc4 h4 17. Nf5 Bxf5 18. exf5 Qf6 19. Be4 Kg7 20. Qe2 Kh7 21. Qxg4 Rag8 22. Qf3 b5 23. Ne3 Bxe3 24. fxe3 Rg5 25. Qh3 Kg7 26. Rc1 Kf8 27. c4 b4 28. c5 dxc5 29. Rxc5 Qb6 30. Rfc1 Rhg8 31. Qf3 1-0


[Site "https://www.chess.com"]

[Event "Titled Tuesday Blitz May 25 2021"]
[White "Dobrov, Vladimir"]
[Black "Rostovtsev, Dmitry"]
[WhiteFideId "4136594"]
[BlackFideId "34278320"]
[WhiteElo "2614"]
[BlackElo "2143"]
[Result "1-0"]
[Round "04"]
[TimeControl "180+1"]
[Date "2021.05.25"]
[WhiteClock "0:00:41"]
[BlackClock "0:00:41"]

1. d4 Nf6 2. c4 g6 3. g3 Bg7 4. Bg2 O-O 5. Nc3 d6 6. Nf3 Nc6 7. O-O e5 8. d5 Ne7 9. Ne1 Nd7 10. Nd3 f5 11. e4 Nf6 12. Bg5 h6 13. Bd2 fxe4 14. Nxe4 Nxe4 15. Bxe4 Bf5 16. f3 Kh7 17. Qe2 Qd7 18. Bc3 c6 19. dxc6 bxc6 20. Rad1 Qe6 21. Bxf5 gxf5 22. c5 Nd5 23. Ba5 e4 24. cxd6 Rfe8 25. fxe4 fxe4 26. Nc5 Qxd6 27. Nxe4 Qe5 28. Rfe1 Qxb2 29. Ng5+ Kg6 30. Qd3+ Kxg5 31. Bd2+ Kh5 32. Qf5# 1-0


[Site "https://www.chess.com"]

[Event "Titled Tuesday Blitz May 25 2021"]
[White "Drygalov, Sergey"]
[Black "Shapkin, Anatoliy"]
[WhiteFideId "24171743"]
[BlackFideId "34108332"]
[WhiteElo "2538"]
[BlackElo "2223"]
[Result "0-1"]
[Round "04"]
[TimeControl "180+1"]
[Date "2021.05.25"]
[WhiteClock "0:00:05"]
[BlackClock "0:00:21"]

1. e4 e5 2. Nf3 Nc6 3. Bb5 Nf6 4. d3 Bc5 5. O-O d6 6. c3 O-O 7. Nbd2 Ne7 8. a4 c6 9. Bc4 Bb6 10. h3 Ng6 11. Re1 d5 12. exd5 cxd5 13. Bb3 Re8 14. Nf1 h6 15. Ng3 Bc7 16. Be3 Be6 17. Bc2 Qd7 18. Qd2 a5 19. d4 e4 20. Nh2 Bxh3 21. gxh3 Qxh3 22. Qe2 Nh4 23. Qf1 Qe6 24. Bd1 h5 25. Bg5 Nf5 26. Bxf6 Qxf6 27. Nxh5 Qh4 28. Qg2 e3 29. Rf1 e2 30. Bxe2 Rxe2 31. Nxg7 Qxh2+ 32. Qxh2 Bxh2+ 33. Kxh2 Nxg7 34. Rab1 Rc8 35. Kg2 Ne6 36. Kf3 Re4 37. Rg1+ Kf8 38. Rbe1 Rxe1 39. Rxe1 Rc4 40. Re5 Nc7 41. Rh5 Rxa4 42. Rh8+ Ke7 43. Rb8 b5 44. Rb7 Kd7 45. Rb6 Ra2 46. Rf6 Rxb2 47. Rxf7+ Kd6 48. Rf6+ Ne6 0-1


[Site "https://www.chess.com"]

[Event "Titled Tuesday Blitz May 25 2021"]
[White "Egorov, Evgeny"]
[Black "Starozhilov, Leonid"]
[WhiteFideId "13700421"]
[BlackFideId "14106752"]
[WhiteElo "2422"]
[BlackElo "2411"]
[Result "0-1"]
[Round "04"]
[TimeControl "180+1"]
[Date "2021.05.25"]
[WhiteClock "0:00:07"]
[BlackClock "0:00:06"]

1. e4 c5 2. Nc3 a6 3. Nge2 b5 4. g3 b4 5. Na4 e6 6. Bg2 Bb7 7. O-O Nf6 8. d4 Bxe4 9. dxc5 Bxg2 10. Kxg2 Nc6 11. Bf4 Nd5 12. a3 a5 13. Qd3 Be7 14. axb4 axb4 15. c4 bxc3 16. Naxc3 Ncb4 17. Qc4 O-O 18. Ne4 Qc8 19. Bd2 Qb7 20. Kg1 Nc6 21. b4 Ne5 22. Qb3 Nc7 23. N2c3 f5 24. f4 Nd3 25. Nd6 Nxc5 26. Nxb7 Nxb3 27. Rxa8 Rxa8 28. Be3 Bxb4 29. Ne2 Rb8 30. Rb1 Rxb7 31. Rxb3 Nd5 32. Bd4 Rc7 33. Be5 Rc4 34. Nd4 Bc5 35. Rb7 Bxd4+ 36. Bxd4 Rxd4 37. Rxd7 Re4 38. Kg2 h6 39. Kf3 Kh7 40. h4 Nf6 41. Re7 h5 42. Rf7 Kg6 43. Re7 Ng4 44. Kg2 Re3 45. Re8 Re2+ 46. Kg1 e5 47. fxe5 Nxe5 48. Rc8 Ng4 49. Kf1 Rh2 50. Kg1 Ra2 51. Rc6+ Nf6 52. Rc5 Ne4 53. Re5 Kf6 54. Rd5 Ra3 55. Rb5 Rxg3+ 56. Kh2 Rg4 57. Rb6+ Kf7 58. Rb7+ Kg8 59. Rb5 Nd6 60. Rd5 Ne4 61. Rxf5 Nf6 62. Kh3 Kh7 63. Rc5 Kg6 64. Re5 Re4 65. Rg5+ Kf7 66. Rf5 g6 67. Rf3 Ke6 68. Rb3 Rd4 69. Rb5 Rd5 70. Rb6+ Rd6 71. Rb5 Ng4 72. Rg5 Rd3+ 73. Kg2 Ne5 74. Kf2 Rd4 75. Rg1 Rxh4 76. Ra1 Rf4+ 77. Kg3 Kf5 78. Kh3 Rf3+ 79. Kg2 g5 80. Ra5 g4 81. Ra8 h4 82. Rf8+ Ke4 83. Rh8 h3+ 84. Kh2 Rf2+ 85. Kg1 Re2 86. Kh1 Re1+ 87. Kh2 Re3 88. Kg1 Kf3 89. Rf8+ Kg3 90. Rf1 Re2 91. Kh1 Rh2+ 92. Kg1 Nf3+ 93. Rxf3+ gxf3 94. Kf1 Rh1# 0-1


[Site "https://www.chess.com"]

[Event "Titled Tuesday Blitz May 25 2021"]
[White "Erdogdu, Mert"]
[Black "Zierk, Steven"]
[WhiteFideId "6301495"]
[BlackFideId "2034255"]
[WhiteElo "2485"]
[BlackElo "2502"]
[Result "0-1"]
[Round "04"]
[TimeControl "180+1"]
[Date "2021.05.25"]
[WhiteClock "0:00:12"]
[BlackClock "0:00:07"]

1. e4 c5 2. Nf3 Nc6 3. d4 cxd4 4. Nxd4 Nf6 5. Nc3 e5 6. Ndb5 d6 7. Bg5 a6 8. Na3 b5 9. Nd5 Be7 10. Bxf6 Bxf6 11. c4 b4 12. Nc2 O-O 13. g3 a5 14. b3 Bg5 15. h4 Bh6 16. Bh3 Bb7 17. O-O Ne7 18. Nxe7+ Qxe7 19. Qd3 Qc7 20. a3 bxa3 21. Nxa3 Qc6 22. Rfe1 f5 23. Bg2 f4 24. Nb5 fxg3 25. fxg3 Rf6 26. Rf1 Raf8 27. Rxf6 Rxf6 28. Rf1 Qc5+ 29. Kh2 Rg6 30. Bh3 Be3 31. Rf3 Bg1+ 32. Kg2 Bc6 33. Nc7 Rf6 34. Rxf6 gxf6 35. Qf3 Kf7 36. Be6+ Ke7 37. Bd5 Bd7 38. Nb5 Bg4 39. Qf1 Be3 40. Qe1 Qb6 41. Qc3 h5 42. Qe1 Bc5 43. Qf1 Bb4 44. Qd3 Qc5 45. Qf1 Bd7 46. Qc1 Bxb5 47. Qh6 Be8 48. Qg7+ Kd8 49. Qxf6+ Kc7 50. Qe7+ Bd7 51. Be6 Qc6 52. Bf5 a4 53. bxa4 Qxa4 54. Kh3 d5 55. Qxe5+ Bd6 56. Qxd5 Qa3 57. e5 Bxf5+ 58. Kg2 Qb2+ 59. Kf3 Qxe5 60. Qf7+ Kc6 61. Qxh5 Be4+ 62. Kg4 Bf3+ 63. Kxf3 Qxh5+ 0-1


[Site "https://www.chess.com"]

[Event "Titled Tuesday Blitz May 25 2021"]
[White "Erigaisi Arjun"]
[Black "Gahan, M G"]
[WhiteFideId "35009192"]
[BlackFideId "5027373"]
[WhiteElo "2609"]
[BlackElo "2264"]
[Result "1-0"]
[Round "04"]
[TimeControl "180+1"]
[Date "2021.05.25"]
[WhiteClock "0:00:20"]
[BlackClock "0:01:22"]

1. e4 c5 2. Nf3 d6 3. d4 cxd4 4. Nxd4 Nf6 5. Nc3 a6 6. Bg5 e6 7. f4 Be7 8. Qf3 Qc7 9. O-O-O Nbd7 10. g4 h6 11. Bxf6 Bxf6 12. Bg2 Nb6 13. h4 Bd7 14. g5 Be7 15. g6 fxg6 16. Bh3 e5 17. fxe5 dxe5 18. Bxd7+ Nxd7 19. Ne6 Qc6 20. Nxg7+ Kd8 21. Qf7 Qf6 22. Qd5 Qc6 23. Qf7 Qf6 24. Qb3 Kc8 25. Rxd7 Rb8 26. Rhd1 Qxg7 27. Qc4+ 1-0


[Site "https://www.chess.com"]

[Event "Titled Tuesday Blitz May 25 2021"]
[White "Filali, Razzouki Marouane"]
[Black "Tarigan, Gilbert Elroy"]
[WhiteFideId "9003720"]
[BlackFideId "7108133"]
[WhiteElo "2073"]
[BlackElo "1908"]
[Result "0-1"]
[Round "04"]
[TimeControl "180+1"]
[Date "2021.05.25"]
[WhiteClock "0:00:05"]
[BlackClock "0:00:11"]

1. e4 c6 2. Nf3 d5 3. Nc3 Bg4 4. h3 Bxf3 5. Qxf3 e6 6. d4 Nf6 7. Bd3 Bb4 8. e5 Nfd7 9. Qg3 Bf8 10. Ne2 c5 11. c3 Nc6 12. O-O g6 13. Bg5 Be7 14. Bh6 Bf8 15. Bg5 Be7 16. h4 Bxg5 17. hxg5 h6 18. gxh6 Rxh6 19. Qe3 Qh4 20. f3 a6 21. a3 c4 22. Bc2 O-O-O 23. b3 cxb3 24. Bxb3 Na5 25. Ba2 Nb6 26. Rfb1 Nbc4 27. Bxc4 Nxc4 28. Qf4 Rh7 29. Qxh4 Rxh4 30. Kf2 Rdh8 31. Ng1 g5 32. Nh3 g4 33. Ng5 gxf3 34. Nxf3 Rg4 35. Rh1 Rhg8 36. Rhg1 Re4 37. Rae1 Rxe1 38. Rxe1 Nxa3 39. Rh1 Kd7 40. Rh7 Ke7 41. Rh1 Nb5 42. Rc1 Rc8 43. Nd2 Rxc3 44. Rh1 Nxd4 45. Rh7 a5 46. g4 a4 47. g5 Kf8 48. g6 Rc7 49. Rh8+ Kg7 50. Ra8 Kxg6 51. Ke3 Nf5+ 52. Kd3 b5 53. Ra5 Rb7 54. Nf3 b4 55. Rxa4 b3 56. Ra1 b2 57. Rb1 f6 58. Nd2 fxe5 59. Re1 e4+ 60. Kc3 d4+ 61. Kc4 e3 62. Nb1 Kf6 63. Kd3 Ke5 64. Na3 Kd5 65. Nb1 e5 66. Kc2 e4 67. Kd1 d3 68. Rh1 e2+ 69. Kd2 Kd4 70. Rh4 Nxh4 71. Nc3 Nf3# 0-1


[Site "https://www.chess.com"]

[Event "Titled Tuesday Blitz May 25 2021"]
[White "Gabrielian, Artur"]
[Black "Senthil Maran K"]
[WhiteFideId "4131002"]
[BlackFideId "25035681"]
[WhiteElo "2539"]
[BlackElo "2194"]
[Result "1-0"]
[Round "04"]
[TimeControl "180+1"]
[Date "2021.05.25"]
[WhiteClock "0:01:14"]
[BlackClock "0:00:04"]

1. e4 c6 2. d4 d5 3. Nd2 dxe4 4. Nxe4 Bf5 5. Ng3 Bg6 6. c3 e6 7. Nh3 Bd6 8. Nf4 Qc7 9. Qf3 Nf6 10. h4 Bxf4 11. Bxf4 Qa5 12. h5 Bf5 13. h6 g6 14. Nxf5 gxf5 15. Bd3 Nbd7 16. a4 O-O-O 17. Bg3 Nd5 18. b4 Nxb4 19. cxb4 Qxb4+ 20. Kf1 Nb6 21. a5 Qxd4 22. Rd1 Nd5 23. Rh4 f4 24. Bxf4 Nxf4 25. Rxf4 Qd6 26. a6 f5 27. axb7+ Kc7 28. Qe3 c5 29. Rc1 Qxd3+ 30. Qxd3 Rxd3 31. Rxc5+ Kxb7 32. Rb4+ Ka8 33. Rc7 Rb8 34. Rxb8+ Kxb8 35. Rxh7 Rd8 36. Rg7 Rh8 37. h7 Rxh7 38. Rxh7 a5 39. Ke2 a4 40. Kd3 a3 41. Kc3 f4 42. Kb3 e5 1-0


[Site "https://www.chess.com"]

[Event "Titled Tuesday Blitz May 25 2021"]
[White "Garcia Garcia, Alejandro"]
[Black "Shkapenko, Pavel"]
[WhiteFideId "3516334"]
[BlackFideId "4151933"]
[WhiteElo "2131"]
[BlackElo "2386"]
[Result "0-1"]
[Round "04"]
[TimeControl "180+1"]
[Date "2021.05.25"]
[WhiteClock "0:01:00"]
[BlackClock "0:01:59"]

1. d4 Nf6 2. c4 e6 3. Nf3 Bb4+ 4. Nbd2 d5 5. e3 O-O 6. Be2 b6 7. O-O Nbd7 8. cxd5 exd5 9. a3 Bd6 10. b4 Bb7 11. Bb2 Ne4 12. Rc1 Qe7 13. Qb3 Kh8 14. Nxe4 dxe4 15. Nd2 f5 16. Nc4 Bd5 17. Qc2 f4 18. Nxd6 cxd6 19. exf4 Rxf4 20. Qd2 Raf8 21. Bc4 Bxc4 22. Rxc4 e3 23. Qd1 e2 0-1


[Site "https://www.chess.com"]

[Event "Titled Tuesday Blitz May 25 2021"]
[White "Garcia Ramos, Daniel"]
[Black "Visakh N R"]
[WhiteFideId "32010311"]
[BlackFideId "25012223"]
[WhiteElo "2334"]
[BlackElo "2428"]
[Result "0-1"]
[Round "04"]
[TimeControl "180+1"]
[Date "2021.05.25"]
[WhiteClock "0:00:02"]
[BlackClock "0:00:06"]

1. c4 Nf6 2. Nf3 g6 3. g3 Bg7 4. Bg2 O-O 5. O-O c6 6. d4 d5 7. cxd5 cxd5 8. Nc3 Nc6 9. Ne5 Ng4 10. Nxc6 bxc6 11. h3 Nh6 12. Bxh6 Bxh6 13. e4 e6 14. Qc2 Rb8 15. Rfd1 Qa5 16. Na4 Rd8 17. b3 Bg7 18. e5 Bh6 19. Nc5 Bf8 20. Nd3 Ba6 21. Rac1 Bxd3 22. Rxd3 Ba3 23. Rcd1 c5 24. dxc5 Rdc8 25. h4 Rxc5 26. Qe2 Rbc8 27. h5 Rc2 28. R3d2 R2c3 29. hxg6 hxg6 30. Qg4 Qc7 31. Re2 Rc1 32. Rxc1 Qxc1+ 33. Kh2 Kg7 34. Bh3 Rc2 35. Kg2 Be7 36. Rxc2 Qxc2 37. Qa4 Bc5 38. Qf4 Be7 39. Qa4 a5 40. Bg4 Bb4 0-1


[Site "https://www.chess.com"]

[Event "Titled Tuesday Blitz May 25 2021"]
[White "Ghimpu, Samuel-Timotei"]
[Black "Tari, Aryan"]
[WhiteFideId "1238175"]
[BlackFideId "1510045"]
[WhiteElo "2026"]
[BlackElo "2656"]
[Result "1-0"]
[Round "04"]
[TimeControl "180+1"]
[Date "2021.05.25"]
[WhiteClock "0:00:34"]
[BlackClock "0:00:14"]

1. b3 a5 2. Bb2 a4 3. e4 e6 4. Nf3 Nf6 5. e5 Nd5 6. c4 a3 7. Bxa3 Bxa3 8. Nxa3 Rxa3 9. cxd5 exd5 10. Qc1 Ra8 11. d4 d6 12. Bb5+ c6 13. Bd3 Bg4 14. Qe3 Bxf3 15. gxf3 Qa5+ 16. Kf1 O-O 17. Rg1 g6 18. e6 Na6 19. exf7+ Rxf7 20. Bxg6 Rg7 21. Bxh7+ Kxh7 22. Rxg7+ Kxg7 23. Qe7+ Kg8 24. Ke2 Kh8 25. Qh4+ Kg7 26. Rg1+ Kf7 27. Qh7+ Ke6 1-0


[Site "https://www.chess.com"]

[Event "Titled Tuesday Blitz May 25 2021"]
[White "Goltsev, Dmitry"]
[Black "elohunter1999"]
[WhiteFideId "24176710"]
[WhiteElo "2366"]
[BlackElo "2552"]
[Result "1-0"]
[Round "04"]
[TimeControl "180+1"]
[Date "2021.05.25"]
[WhiteClock "0:00:07"]
[BlackClock "0:00:01"]

1. e4 d6 2. Nf3 Nf6 3. Nc3 g6 4. d4 Bg7 5. Be2 O-O 6. h3 c6 7. O-O Qc7 8. Bf4 Nbd7 9. e5 Nh5 10. exd6 exd6 11. Bh2 Re8 12. Ng5 Nhf6 13. Bc4 Re7 14. Re1 Rxe1+ 15. Qxe1 Qa5 16. Bxf7+ Kh8 17. d5 Ne5 18. Bxe5 dxe5 19. Qxe5 Bf5 20. Be6 Nxd5 21. Nf7+ Kg8 22. Qd6 Nxc3 23. bxc3 Bxe6 24. Qxe6 Qd5 25. Qxd5 cxd5 26. Nd6 Bxc3 27. Rd1 d4 28. Nxb7 Rb8 29. Nc5 Rb2 30. a4 Rxc2 31. Ne6 Ra2 32. Nxd4 Rxa4 33. Nb5 Be5 34. Rd8+ Kg7 35. Rd7+ Kh6 36. Rxa7 Rb4 37. Na3 Rb3 38. Kf1 Rb2 39. Rf7 Bd4 40. Nc4 Rc2 41. Nd6 Rc1+ 42. Ke2 Rc2+ 43. Kd3 Rxf2 44. Kxd4 Rxg2 45. Rf3 Kg5 46. Nc4 Kh4 47. Ne3 Rg3 48. Rf7 h5 49. Rf6 Kxh3 50. Ke4 g5 51. Rf1 Kh2 52. Ra1 h4 53. Nf1+ Kg2 54. Nxg3 Kxg3 55. Kf5 h3 56. Ra3+ Kg2 57. Kg4 h2 58. Ra2+ Kg1 59. Kg3 h1=Q 60. Ra1# 1-0


[Site "https://www.chess.com"]

[Event "Titled Tuesday Blitz May 25 2021"]
[White "Gracia Alvarez, Gerardo Antonio"]
[Black "Rahman, Ziaur"]
[WhiteFideId "5109124"]
[BlackFideId "10200037"]
[WhiteElo "2148"]
[BlackElo "2460"]
[Result "1-0"]
[Round "04"]
[TimeControl "180+1"]
[Date "2021.05.25"]
[WhiteClock "0:00:10"]
[BlackClock "0:00:02"]

1. d4 e6 2. e4 d5 3. Nd2 c5 4. exd5 Qxd5 5. Ngf3 cxd4 6. Bc4 Qd6 7. O-O Nf6 8. Re1 Nc6 9. Ne4 Nxe4 10. Rxe4 Be7 11. Nxd4 e5 12. Bf4 exf4 13. Nxc6 Qxc6 14. Qe2 O-O 15. Rxe7 Bf5 16. Bb3 Bg6 17. h4 Rae8 18. Re1 Rxe7 19. Qxe7 f3 20. g4 h5 21. Re5 hxg4 22. h5 Bh7 23. Re6 Qc8 24. h6 gxh6 25. Rxh6 Qd8 26. Qe3 1-0


[Site "https://www.chess.com"]

[Event "Titled Tuesday Blitz May 25 2021"]
[White "Gurevich, Dmitry"]
[Black "Nesterov, Arseniy"]
[WhiteFideId "2000407"]
[BlackFideId "24198455"]
[WhiteElo "2506"]
[BlackElo "2441"]
[Result "0-1"]
[Round "04"]
[TimeControl "180+1"]
[Date "2021.05.25"]
[WhiteClock "0:00:04"]
[BlackClock "0:00:07"]

1. Nf3 d5 2. d4 Nf6 3. c4 e6 4. Nc3 c5 5. cxd5 exd5 6. Bg5 Be6 7. e3 Nc6 8. Be2 Be7 9. O-O cxd4 10. Nxd4 O-O 11. Rc1 Rc8 12. Qa4 Qb6 13. Nxc6 bxc6 14. Qb3 Qxb3 15. axb3 Rb8 16. Na4 Bd7 17. Bd1 h6 18. Bf4 Rb4 19. Nc5 Bxc5 20. Rxc5 Ne4 21. Ra5 Ra8 22. Bc2 Nd2 23. Rfa1 Nxb3 24. Bxb3 Rxb3 25. Be5 f6 26. Bd4 Rc8 27. Rxa7 Bf5 28. h3 c5 29. Bc3 Rbb8 30. Re7 Ra8 31. Rxa8 Rxa8 32. Rc7 c4 33. f3 h5 34. g4 hxg4 35. hxg4 Bd3 36. g5 Ra6 37. gxf6 gxf6 38. Kf2 f5 39. Kg3 Ra1 40. Rg7+ Kf8 41. Kf4 Rf1 42. Rc7 Be4 43. Ke5 Rxf3 44. Ke6 Kg8 45. Rc8+ Kh7 46. Kf7 Kh6 47. Rg8 f4 48. exf4 Rxf4+ 49. Ke6 Kh5 50. Ke5 Rf5+ 51. Kd4 Rf3 52. Ke5 Kh4 53. Rg7 Kh3 54. Rg8 Rd3 55. Rg7 Bg2 56. Rg8 Kh2 57. Kf4 d4 58. Bb4 Rb3 59. Bc5 d3 60. Bd4 d2 61. Be5 d1=Q 62. Kf5+ Kh1 0-1


[Site "https://www.chess.com"]

[Event "Titled Tuesday Blitz May 25 2021"]
[White "Hebden, Mark L"]
[Black "Zhigalko, Sergei"]
[WhiteFideId "400084"]
[BlackFideId "13502956"]
[WhiteElo "2457"]
[BlackElo "2662"]
[Result "0-1"]
[Round "04"]
[TimeControl "180+1"]
[Date "2021.05.25"]
[WhiteClock "0:00:05"]
[BlackClock "0:00:04"]

1. d4 Nf6 2. Nf3 e6 3. c3 b6 4. Bg5 Bb7 5. Nbd2 Be7 6. e3 d6 7. Qa4+ Nbd7 8. Ba6 Qc8 9. Bxb7 Qxb7 10. O-O O-O 11. Rfe1 h6 12. Bxf6 Nxf6 13. e4 b5 14. Qb3 Rab8 15. a4 b4 16. c4 c5 17. d5 Nd7 18. a5 Bf6 19. g3 Rfe8 20. Kg2 Re7 21. h4 Rbe8 22. Kf1 Nf8 23. Re3 Qc8 24. Kg2 g5 25. hxg5 hxg5 26. Rae1 Ng6 27. Qc2 g4 28. Nh2 Bd4 29. R3e2 exd5 30. cxd5 Ne5 31. Nc4 Nxc4 32. Qxc4 Re5 33. a6 Kg7 34. Qd3 Rh8 35. Rh1 Reh5 36. b3 R8h6 37. Qd2 Qh8 38. Nxg4 Rxh1 39. Nxh6 Qxh6 40. Qxh6+ Rxh6 41. f4 Kf6 42. Kf3 Rh1 43. g4 Rb1 44. g5+ Ke7 45. e5 Rxb3+ 46. Ke4 Rb2 47. Re1 b3 48. exd6+ Kxd6 49. f5 Rf2 50. g6 fxg6 51. fxg6 b2 52. Ra1 bxa1=Q 0-1


[Site "https://www.chess.com"]

[Event "Titled Tuesday Blitz May 25 2021"]
[White "Hess, Robert"]
[Black "Terry, Renato"]
[WhiteFideId "2022036"]
[BlackFideId "3803457"]
[WhiteElo "2557"]
[BlackElo "2581"]
[Result "1-0"]
[Round "04"]
[TimeControl "180+1"]
[Date "2021.05.25"]
[WhiteClock "0:00:05"]
[BlackClock "0:00:02"]

1. e4 e6 2. d4 d5 3. Nc3 Nf6 4. Bg5 Bb4 5. exd5 Qxd5 6. Bxf6 Bxc3+ 7. bxc3 gxf6 8. Qf3 Qxf3 9. Nxf3 Bd7 10. Rb1 b6 11. Kd2 Ke7 12. Ke3 Bc6 13. Bd3 h6 14. Rhg1 Rg8 15. g4 Nd7 16. Rg3 Rg7 17. c4 Rag8 18. Rbg1 Kd6 19. d5 Bb7 20. Nd4 Ne5 21. Be2 a6 22. f4 Nd7 23. dxe6 fxe6 24. f5 e5 25. Ne6 Rh7 26. Rd1+ Ke7 27. Nxc7 Rc8 28. Ne6 Rhh8 29. Rh3 Ba8 30. Rb1 Bc6 31. Bd3 Rcg8 32. Rh4 h5 33. gxh5 Rg2 34. c5 b5 35. a4 bxa4 36. h6 Bd5 37. h7 Bxe6 38. fxe6 Nxc5 39. Rb6 Nxe6 40. Rb7+ Kd6 41. Rb6+ Ke7 42. Rxa6 Nf4 43. Ra7+ Kd6 44. Be4 Re2+ 45. Kf3 Re1 46. Ra6+ Ke7 47. Ra7+ Ke6 48. Ra6+ Ke7 49. Rxa4 Rf1+ 50. Ke3 Re1+ 51. Kf2 Rc1 52. Ke3 Re1+ 53. Kd2 Rf1 54. Rg4 Rf2+ 55. Ke3 Rxh2 56. Rg7+ Ke6 57. Ra6# 1-0


[Site "https://www.chess.com"]